 Dungeon Crawl Stone Soup version 0.31-a0-364-gb59cdcc (webtiles) character file.

Game seed: 18233252041259490026

422 Dorkslayer the Covered (level 6, -11/38 HPs)
             Began as a Gargoyle Fighter on July 26, 2023.
             Mangled by an ogre
             ... wielding a +0 giant spiked club
              (15 damage)
             ... on level 4 of the Dungeon on July 27, 2023.
             The game lasted 00:09:54 (2864 turns).

Dorkslayer the Covered (Gargoyle Fighter)           Turns: 2864, Time: 00:09:55

Health: -11/38     AC: 15    Str: 19 (21) XL:     6   Next: 95%
Magic:  6/6        EV:  8    Int:  8 (9)  God:
Gold:   172        SH:  5    Dex: 12 (15) Spells: 5/5 levels left

rFire   . . .        a - +0 war axe
rCold   . . .        c - +0 buckler
rNeg    + . .        o - +0 chain mail
rPois   ∞            (no helmet)
rElec   +            d - +0 cloak
rCorr   .            (no gloves)
SInv    .            (no boots)
Will    .....        (no amulet) Stlth
                     m - +6 ring of dexterity
HPRegen 0.26/turn    (no ring)
MPRegen 0.10/turn

%: no passive effects
@: no status effects
A: sickness immunity, AC +4, negative energy resistance 1, electricity
resistance, torment resistance 1, petrification resistance
a: no special abilities


You were on level 4 of the Dungeon.
You visited 1 branch of the dungeon, and saw 4 of its levels.

You collected 172 gold pieces.

Inventory:

Hand Weapons
 a - a +0 war axe (weapon)
Missiles
 q - a boomerang (quivered)
Armour
 c - a +0 buckler (worn)
 d - a +0 cloak (worn)
 o - a +0 chain mail (worn)
Jewellery
 m - a +6 ring of dexterity (left hand)
Talismans
 s - a beast talisman
Wands
 k - a wand of polymorph (8)
Scrolls
 b - a scroll of fog {unknown}
 e - 3 scrolls of teleportation
 i - 2 scrolls of fear
Potions
 f - a potion of invisibility
 g - 3 potions of haste
 h - a potion of brilliance {unknown}
 l - a potion of curing
 n - a potion of resistance {unknown}
 p - a potion of magic {unknown}
 r - a potion of heal wounds {unknown}


   Skills:
 + Level 4.1 Fighting
 + Level 4.0 Axes
 * Level 1.7 Throwing
 + Level 4.4 Armour
 * Level 2.1 Dodging
 + Level 0.2 Stealth
 + Level 3.9 Shields
 * Level 0.6 Evocations


You had 5 spell levels left.
You didn't know any spells.
Your spell library contained the following spells:

 Spells                   Type           Power      Damage    Failure   Level
 Call Canine Familiar     Summ           0%         N/A       100%        3
 Portal Projectile        Hex/Tloc       0%         N/A       100%        3
 Leda's Liquefaction      Hex/Erth       0%         N/A       100%        4
 Chain Lightning          Conj/Air       0%         N/A       100%        9
 Fire Storm               Conj/Fire      0%         5d1       100%        9
 Shatter                  Erth           0%         3d5*      100%        9


Dungeon Overview and Level Annotations

Branches:
Dungeon (4/15)
 Temple: D:4-7

Altars:
Fedhas
Yredelemnul

Shops:
D:3 =


Innate Abilities, Weirdness & Mutations

You are immune to sickness and miasma.
Your stone body is resilient. (AC +4)
You are immune to poison.
You resist negative energy. (rN+)
You are resistant to electric shocks. (rElec)
You are resistant to unholy torment.
You are immune to petrification.


Message History

You see here a hobgoblin corpse.
Found a stone staircase leading up.
Found a dagger.
Found 3 poisoned darts.
Found a scroll of fear.
i - 2 scrolls of fear (gained 1)
An endoplasm comes into view.
The endoplasm quivers.
The endoplasm hits you.
You hit the endoplasm.
The endoplasm is almost dead.
The endoplasm freezes you.
You are frozen.
You barely miss the endoplasm.
The endoplasm is almost dead.
The endoplasm freezes you.
You are frozen.
The endoplasm barely misses you.
You hit the endoplasm.
You kill the endoplasm!
An ogre comes into view. It is wielding a +0 giant spiked club.
The ogre shouts!
Found a scroll of teleportation.
You barely miss the ogre.
The ogre hits you with a +0 giant spiked club.
You closely miss the ogre.
The ogre hits you with a +0 giant spiked club!
You hit the ogre.
The ogre is lightly wounded.
The ogre closely misses you.
You hit the ogre.
The ogre is moderately wounded.
The ogre hits you with a +0 giant spiked club.
You hit the ogre.
The ogre is moderately wounded.
The ogre hits you with a +0 giant spiked club!
* * * LOW HITPOINT WARNING * * *
You hit the ogre.
The ogre is moderately wounded.
The ogre hits you with a +0 giant spiked club!
You die...

###......# #....## ##.....#.##
##.#..## ##.....####
#+##..###### #.....## ##......#
#..(...#### ####.......#
#.......#.## ##.#.......)#
##.........#
#...........########
##.......##
##..................
######...###..@........########
#.#..#...O......<.#
#......#...........
###.......####.#####
#..#.........?. ##.#####..... .
#.# ..... #.# ..... #.# ###.


You could see an ogre.

Vanquished Creatures
  Grinder (D:3)
  A jelly (D:4)
  Crazy Yiuf (D:2)
  A hound (D:4)
  Ijyb (D:3)
  An orc wizard (D:3)
  3 adders
  A worm (D:2)
  A dart slug (D:1)
  5 orcs (D:3)
  6 endoplasms
  5 goblins
  8 hobgoblins
  5 quokkas
  4 ball pythons
  A bat (D:1)
  3 frilled lizards
  5 kobolds
  3 rats
56 creatures vanquished.

Notes
Turn   | Place    | Note
-------+----------+-------------------------------------------
     0 | D:1      | Dorkslayer the Gargoyle Fighter began the quest for the
                  | Orb.
     0 | D:1      | Reached XP level 1. HP: 14/14 MP: 1/1
   193 | D:1      | Upgraded the game from 0.31-a0-361-g0f8bd3a to
                  | 0.31-a0-364-gb59cdcc
   412 | D:1      | Reached XP level 2. HP: 19/19 MP: 2/2
   912 | D:2      | Reached XP level 3. HP: 21/24 MP: 3/3
  1734 | D:2      | Found a runed translucent door.
  1735 | D:2      | Noticed Crazy Yiuf
  1744 | D:2      | Killed Crazy Yiuf
  1745 | D:2      | Reached skill level 1 in Dodging
  1745 | D:2      | Reached XP level 4. HP: 11/29 MP: 4/4
  1893 | D:3      | Found a basalt altar of Yredelemnul.
  2037 | D:3      | Noticed Ijyb
  2058 | D:3      | Killed Ijyb
  2060 | D:3      | Noticed Grinder
  2081 | D:3      | Paralysed by Grinder for 3 turns
  2088 | D:3      | Paralysed by Grinder for 3 turns
  2098 | D:3      | Killed Grinder
  2099 | D:3      | Reached skill level 1 in Throwing
  2099 | D:3      | Reached XP level 5. HP: 17/33 MP: 5/5
  2099 | D:3      | Reached XP level 6. HP: 20/38 MP: 6/6
  2110 | D:3      | Found Suenim's Jewellery Shop.
  2752 | D:4      | Found a blossoming altar of Fedhas.
  2864 | D:4      | Mangled by an ogre

Illustrated notes

Levels and vault maps discovered:
D:1:      dpeg_arrival_rooms_with_view, layout_loops_cross
D:2:      layout_loops_corners, uniq_crazy_yiuf_cottage
D:3:      layout_rooms, mainiacjoe_overflow_cross_hatched, serial_shops,
          shop_statue, minmay_starry_boxes, uniq_ijyb, uniq_grinder
D:4:      minmay_wonky_spiral, layout_rooms, fedhas_altar_2, vehumet_crystals,
          ebering_ghost_rock_garden, minmay_fractal_squares_gapless_5

Skill      XL: |  1  2  3  4  5  6 |
---------------+-------------------+-----
Axes           | 2 3 4 |  4.0
Dodging        | 1 2 |  2.1
Fighting       | 4 |  4.1
Throwing       | 1 |  1.7
Armour         | 4 |  4.4
Stealth        | |  0.2
Shields        | |  3.9
Evocations     | |  0.6

Action                     |  1- 3 |  4- 6 || total
---------------------------+-------+-------++-------
  Melee: War axe           |   115 |   129 ||   244
  Throw: Boomerang         |       |    11 ||    11
    Use: Potion            |     1 |     4 ||     5
         Scroll            |       |     5 ||     5
   Stab: Invisible         |       |     3 ||     3
 Armour: Scale mail        |    49 |    52 ||   101
         Skin              |       |    14 ||    14
         Chain mail        |       |    15 ||    15
  Dodge: Dodged            |    47 |    64 ||   111
  Block: Buckler           |    23 |    32 ||    55

Table legend: (Time is in decaauts)
 A = Elapsed time spent in this place.
 B = Non-inter-level travel time spent in this place.
 C = Inter-level travel time spent in this place.
 D = Time resting spent in this place.
 E = Time spent auto-exploring this place.
 F = Levels seen in this place.
 G = Mean time per level.
                   A        B        C        D        E       F      G
               +--------+--------+--------+--------+--------+-----+--------+
         Total |   2946 |   2946 |      0 |      0 |   1468 |   4 |  736.5 |
       Dungeon |   2946 |   2946 |      0 |      0 |   1468 |   4 |  736.5 |
               +--------+--------+--------+--------+--------+-----+--------+

Top non-repeatable levels by time:
     D:2: 1044 daAuts
     D:1: 854 daAuts
     D:3: 831 daAuts
     D:4: 216 daAuts
